 Dungeon Crawl Stone Soup version 0.30-a0-782-ge64f9170bb (webtiles) character file.

Game seed: 1991251141399098031

2 funkygono the Firebug (level 1, 0/13 HPs)
             Began as a Demonspawn Fire Elementalist on Mar 10, 2023.
             Slain by a gnoll
             ... wielding a +0 flail
              (6 damage)
             ... on level 1 of the Dungeon.
             The game lasted 00:00:12 (150 turns).

funkygono the Firebug (Demonspawn Fire Elementalist) Turns: 150, Time: 00:00:12

Health: 0/13       AC:  3    Str:  8    XL:     1   Next: 25%
Magic:  1/3        EV: 12    Int: 16    God:
Gold:   21         SH:  0    Dex: 13    Spells: 3/4 levels left

rFire   . . .      SeeInvis .    (no weapon)
rCold   . . .      Faith    .    (no shield)
rNeg    . . .      Spirit   .    a - +0 robe
rPois   .          Reflect  .    (no helmet)
rElec   .          Harm     .    (no cloak)
rCorr   .          Rampage  .    e - +0 pair of gloves
Will    .....                    (no boots)
Stlth   ++                       (no amulet)
HPRegen 0.22/turn                (no ring)
MPRegen 0.08/turn                (no ring)

@: very slightly contaminated
A: no striking features
a: no special abilities


You were on level 1 of the Dungeon.
You visited 1 branch of the dungeon, and saw 1 of its levels.

You collected 21 gold pieces.

Inventory:

Armour
 a - a +0 robe (worn)
 e - a +0 pair of gloves (worn)
Scrolls
 d - a scroll of identify {unknown}
Potions
 b - a potion of magic
 c - a potion of haste {unknown}


   Skills:
 + Level 2.0 Dodging
 - Level 1.7 Stealth
 + Level 2.0 Spellcasting
 + Level 1.0 Conjurations
 + Level 2.6 Fire Magic


You had 3 spell levels left.
You knew the following spells:

 Your Spells              Type           Power      Damage    Failure   Level
a - Foxfire               Conj/Fire      28%        2x1d5     10%         1

Your spell library contained the following spells:

 Spells                   Type           Power      Damage    Failure   Level
 Scorch                   Fire           20%        2d6       11%         2
 Inner Flame              Hex/Fire       5%         N/A       34%         3
 Kindle Blastsparks       Fire/Tloc/Air  8%         2d10      41%         3
 Flame Wave               Conj/Fire      7%         2d5       67%         4


Dungeon Overview and Level Annotations

Branches:
Dungeon (1/15)

Altars:


Message History

You conjure some foxfire!
The foxfire hits the ball python.
The ball python is moderately wounded.
The foxfire hits the ball python.
You kill the ball python!
Magic restored.
Found a pair of gloves.
A rat comes into view.
Casting: Foxfire (safe; 10% risk of failure)
Confirm with . or Enter, or press ? or * to list all spells.
You conjure some foxfire!
Casting: Foxfire (safe; 10% risk of failure)
Confirm with . or Enter, or press ? or * to list all spells.
You conjure some foxfire!
The foxfire hits the rat.
You kill the rat!
Your Dodging skill increases to level 2!
Your foxfire dissipates! x2
You see here a +0 pair of gloves.
e - a +0 pair of gloves You start putting on your armour.
You continue putting on your +0 pair of gloves. x4
You finish putting on your +0 pair of gloves.
Magic restored.
A gnoll comes into view. It is wielding a +0 flail.
The gnoll shouts!
The gnoll hits you with a +0 flail!
Ouch! That really hurt!
Casting: Foxfire (safe; 10% risk of failure)
Confirm with . or Enter, or press ? or * to list all spells.
You conjure some foxfire!
The gnoll misses you.
Casting: Foxfire (safe; 10% risk of failure)
Confirm with . or Enter, or press ? or * to list all spells.
You miscast Foxfire.
You are very lightly contaminated with residual magic.
Nothing appears to happen.
The foxfire hits the gnoll.
The gnoll is lightly wounded.
The foxfire hits the gnoll.
The gnoll is moderately wounded.
The gnoll hits you with a +0 flail.
You die...

##..##
##.######
#...# #.#
...## #.#
..## #.#
### #.# #
#.# #.#
##.##
#.@.#
#..g..#
##...##
.....
###.###
#.# #+#


You could see a gnoll.

Vanquished Creatures
  A ball python (D:1)
  A rat (D:1)
2 creatures vanquished.

Vanquished Creatures (others)
  5 foxfires (D:1)
5 creatures vanquished.

Grand Total: 7 creatures vanquished

Notes
Turn   | Place    | Note
-------+----------+-------------------------------------------
     0 | D:1      | funkygono the Demonspawn Fire Elementalist began the quest
                  | for the Orb.
     0 | D:1      | Reached XP level 1. HP: 13/13 MP: 3/3
   150 | D:1      | Slain by a gnoll

Illustrated notes

Levels and vault maps discovered:
D:1:      heliophobic_arrival_dark_side_of_the_moon, layout_loops_corners

Skill      XL: |  1 |
---------------+----+-----
Dodging        | 2 |  2.0
Stealth        | |  1.7
Spellcasting   | |  2.0
Conjurations   | |  1.0
Fire Magic     | |  2.6

Action                     || total
---------------------------++-------
   Cast: Foxfire           ||     4
  Dodge: Dodged            ||     1

Table legend: (Time is in decaauts)
 A = Elapsed time spent in this place.
 B = Non-inter-level travel time spent in this place.
 C = Inter-level travel time spent in this place.
 D = Time resting spent in this place.
 E = Time spent auto-exploring this place.
 F = Levels seen in this place.
 G = Mean time per level.
                   A        B        C        D        E       F      G
               +--------+--------+--------+--------+--------+-----+--------+
         Total |    150 |    150 |      0 |      0 |    116 |   1 |  150.0 |
       Dungeon |    150 |    150 |      0 |      0 |    116 |   1 |  150.0 |
               +--------+--------+--------+--------+--------+-----+--------+

Top non-repeatable levels by time:
     D:1: 150 daAuts
